 Dungeon Crawl Stone Soup version 0.16-a0-3338-g714714c (webtiles) character file.

2118 Miyamura the Magician (level 9, 0/112 HPs)
             Began as a Purple Draconian Wizard on Dec 28, 2014.
             Was an Initiate of Vehumet.
             Killed by divine providence
             ... invoked by an orc priest
              (14 damage)
             ... on level 7 of the Dungeon.
             The game lasted 00:36:17 (8249 turns).

Miyamura the Magician (Purple Draconian Wizard)     Turns: 8249, Time: 00:36:18

Health: 0/112      AC: 27    Str: 15    XL:     9   Next: 8%
Magic:  24/24      EV:  2    Int: 21    God:    Vehumet [......]
Gold:   247        SH:  0    Dex: 15    Spells: 5 memorised, 13 levels left

rFire  . . .     SeeInvis .     q - +4 quarterstaff (chaos)
rCold  . . .     Clarity  .     (armour unavailable)
rNeg   + + +     SustAb   .     (no shield)
rPois  +         Gourm    .     b - melded +0 hat
rElec  .         Spirit   .     m - melded +0 cloak
rCorr  .         Warding  +     E - melded +0 pair of gloves
rMut   .         NoTele   +     (boots currently unavailable)
MR     +....                    k - amulet of warding
Stlth  +++.......               (no ring)
                                i - +3 ring of protection

@: mighty, agile, exhausted, tree-form (expiring), very slightly contaminated,
slowed, very slow, somewhat resistant to hostile enchantments, fairly stealthy
A: (breathe power), unfitting armour, (cold-blooded), AC +7
a: Renounce Religion


You were on level 7 of the Dungeon.
You worshipped Vehumet.
Vehumet was noncommittal.
You were very hungry.
You were a tree.
You visited 2 branches of the dungeon, and saw 8 of its levels.

You collected 247 gold pieces.

Inventory:

Hand weapons
 q - a +4 quarterstaff of chaos (weapon)
Armour
 b - a +0 hat (melded)
 m - a +0 cloak (melded)
 B - a +0 large shield
 E - a +0 pair of gloves (melded)
Jewellery
 h - an uncursed amulet of rage
 i - a +3 ring of protection (left branch)
 k - an amulet of warding (around neck)
 s - an uncursed amulet of guardian spirit
 F - an uncursed ring of fire
Magical devices
 n - a wand of slowing (29)
 y - a wand of disintegration (11)
Scrolls
 f - 3 scrolls of remove curse
 p - a scroll of fog
Potions
 e - 2 potions of cancellation
 z - 2 potions of might
Books
 c - a book of Minor Magic

   Spells                             Type                      Level
   a - Magic Dart                     Conjuration                  1
   b - Blink                          Translocation                2
   c - Call Imp                       Summoning                    2
   d - Repel Missiles                 Charms/Air                   2
   e - Slow                           Hexes                        2
   f - Conjure Flame                  Conjuration/Fire             3
   g - Mephitic Cloud                 Conjuration/Poison/Air       3
 C - a book of Control

   Spells                             Type                      Level
   a - Control Teleport               Charms/Translocation         4
   b - Control Undead                 Necromancy                   4
   c - Enslavement                    Hexes                        4
   d - Metabolic Englaciation         Hexes/Ice                    5
   e - Mass Confusion                 Hexes                        6
Comestibles
 a - 2 chunks of flesh
 d - 5 bread rations
 j - 7 fruits
 w - 3 beef jerkies
 A - 2 meat rations
 D - a slice of pizza


   Skills:
 + Level 5.9 Fighting
 + Level 4.5 Staves
 + Level 5.0 Dodging
 - Level 1.7 Stealth
 - Level 1.3 Unarmed Combat
 + Level 7.4 Spellcasting
 + Level 4.8 Conjurations
 - Level 1.0 Summonings
 - Level 1.0 Translocations


You had 13 spell levels left.
You knew the following spells:

 Your Spells              Type           Power        Failure   Level  Hunger
a - Magic Dart            Conj           ####         1%          1    None
b - Blink                 Tloc           N/A          12%         2    None
c - Repel Missiles        Chrm/Air       #.....       14%         2    None
d - Call Imp              Summ           ##......     12%         2    None
e - Slow                  Hex            #.......     14%         2    None


Dungeon Overview and Level Annotations

Branches:
Dungeon (7/15)             Temple (1/1) D:7

Altars:
Ashenzari
Cheibriados
Dithmenos
Elyvilon
Fedhas
Kikubaaqudgha
Makhleb
Nemelex Xobeh
Okawaru
Qazlal
Ru
Sif Muna
Trog
Vehumet
Xom
Yredelemnul
Zin
The Shining One

Shops:
D:6 [=}   D:7 ?


Innate Abilities, Weirdness & Mutations

((You can breathe bolts of energy.))
((You can dispel enchantments when you breathe energy.))
((Your rich purple scales are hard (AC +7).))
Your body does not fit into most forms of armour.
((Your cold-blooded metabolism reacts poorly to cold.))


Message History

The helpless orc warrior fails to defend itself.
You sock the orc warrior!
You kill the orc warrior!
Vehumet accepts your kill.
You bludgeon the orc wizard!!
There is a sudden explosion of sparks!
You kill the orc wizard!
Vehumet accepts your kill.
The orc priest's eyes start to glow.
You cannot move.
You cannot move.
You cannot move.
You cannot move.
You feel a strong urge to attack something.
You are no longer berserk.
You are exhausted.
You feel yourself slow down.
You are feeling very hungry.
The orc priest invokes the aid of Beogh against you.
Something smites you!
You die...

..#.....oo.#
. #[.......#
...8
#.......o####
....#
##.÷......o.#
....8#
##.#######.#
....# #.# #.#
...8# #. #.#
#_## .
#o#######
#o.o♣..#
########


You could see an orc warrior and 2 orc priests.

Vanquished Creatures
  A steam dragon (shapeshifter) (D:4)
  An orc warrior (D:7)
  An ice beast (D:6)
  2 sky beasts
  A phantom (D:5)
  A centaur (D:5)
  2 giant frogs
  A killer bee (D:5)
  5 crimson imps
  A goliath beetle (D:5)
  A jelly (D:6)
  3 hounds
  2 iguanas (D:5)
  3 worker ants
  A centaur skeleton (D:6)
  6 orc wizards
  Terence (D:3)
  3 gnolls (D:7)
  8 adders
  A shadow imp (D:6)
  2 giant mites
  2 worms (D:3)
  An adder skeleton (D:5)
  2 oozes
  15 orcs
  18 bats
  2 bat skeletons (D:4)
  4 giant cockroaches
  12 goblins
  7 hobgoblins
  4 quokkas
  3 giant geckos
  5 giant newts
  4 jackals
  9 kobolds
  19 rats
154 creatures vanquished.

Vanquished Creatures (collateral kills)
  Menkaure (D:6)
  An ogre (D:4)
  Sigmund (D:2)
  A gnoll sergeant (D:7)
  A crimson imp (D:5)
  An orc priest (D:3)
  Crazy Yiuf (D:3)
  An orc wizard (D:5)
  Jessica (D:2)
  Robin (D:2)
  3 adders (D:2)
  3 gnolls (D:7)
  2 worms (D:2)
  4 orcs
  A ball python (D:1)
  A giant cockroach (D:2)
  9 goblins
  4 hobgoblins (D:2)
  3 jackals
  A quokka (D:6)
  A rat (D:3)
42 creatures vanquished.

Vanquished Creatures (others)
  3 crimson imps
  2 shadow imps (D:2)
  5 white imps
10 creatures vanquished.

Grand Total: 206 creatures vanquished

Notes
Turn   | Place    | Note
--------------------------------------------------------------
     0 | D:1      | Miyamura, the Draconian Wizard, began the quest for the Orb.
     0 | D:1      | Reached XP level 1. HP: 14/14 MP: 4/4
   388 | D:1      | Reached XP level 2. HP: 14/22 MP: 6/6
  1013 | D:1      | Learned a level 2 spell: Blink
  1016 | D:1      | Learned a level 2 spell: Repel Missiles
  1021 | D:1      | Learned a level 2 spell: Call Imp
  1379 | D:1      | Reached skill level 1 in Fighting
  1384 | D:1      | Reached XP level 3. HP: 9/28 MP: 4/8
  1772 | D:2      | Found a white marble altar of Elyvilon.
  1917 | D:2      | Noticed Robin
  1926 | D:2      | Killed Robin
  2238 | D:2      | Reached XP level 4. HP: 33/36 MP: 5/10
  2579 | D:2      | Noticed Sigmund
  2599 | D:2      | Noticed Jessica
  2613 | D:2      | Killed Jessica
  2870 | D:2      | Killed Sigmund
  2870 | D:2      | Reached skill level 1 in Unarmed Combat
  2991 | D:3      | Reached XP level 5. HP: 34/42 MP: 3/12
  3341 | D:3      | Gained mutation: You can translocate small distances at will. [potion of beneficial mutation]
  3342 | D:3      | Gained mutation: You have large cloven feet. [potion of beneficial mutation]
  3377 | D:3      | Noticed Crazy Yiuf
  3393 | D:3      | Killed Crazy Yiuf
  3434 | D:3      | Noticed Terence
  3454 | D:3      | Killed Terence
  4023 | D:3      | Reached skill level 4 in Spellcasting
  4274 | D:3      | Learned a level 2 spell: Slow
  4290 | D:4      | Reached skill level 1 in Staves
  4290 | D:4      | Reached XP level 6. HP: 40/50 MP: 15/15
  4598 | D:4      | Noticed an ogre
  4611 | D:4      | Killed an ogre
  4692 | D:4      | Your scales start taking on a rich purple colour.
  4692 | D:4      | Reached skill level 5 in Spellcasting
  4692 | D:4      | Reached XP level 7. HP: 49/57 MP: 17/19
  4919 | D:4      | Found a burning altar of Makhleb.
  4919 | D:4      | Found a shimmering altar of Xom.
  5077 | D:5      | Entered Level 5 of the Dungeon
  5081 | D:5      | Found an iron altar of Okawaru.
  5217 | D:5      | Reached skill level 6 in Spellcasting
  5516 | D:5      | Reached XP level 8. HP: 55/67 MP: 21/21
  6489 | D:5      | Found a shattered altar of Ashenzari.
  6687 | D:6      | Reached skill level 5 in Fighting
  6791 | D:6      | Found Vifen's Gadget Emporium.
  6798 | D:6      | Found Egymiffi's Antique Armour Emporium.
  7130 | D:6      | Reached skill level 7 in Spellcasting
  7179 | D:6      | Noticed Menkaure
  7201 | D:6      | Killed Menkaure
  7381 | D:6      | Found Fraiqeq's Jewellery Shop.
  7764 | D:7      | Found a staircase to the Ecumenical Temple.
  7776 | D:7      | Found Twat's Magic Scroll Shoppe.
  8104 | Temple   | Entered the Ecumenical Temple
  8131 | Temple   | Became a worshipper of Vehumet
  8186 | D:7      | Reached XP level 9. HP: 24/75 MP: 20/24
  8221 | D:7      | Found a glowing golden altar of the Shining One.
  8226 | D:7      | Lost mutation: You have large cloven feet. [potion of cure mutation]
  8226 | D:7      | Lost mutation: You can translocate small distances at will. [potion of cure mutation]
  8231 | D:7      | Reached skill level 5 in Dodging
  8249 | D:7      | Killed from afar by an orc priest

Action                   |  1- 3 |  4- 6 |  7- 9 || total
-------------------------+-------+-------+-------++-------
Melee: Unarmed           |   170 |    71 |       ||   241
       Dagger            |   121 |       |       ||   121
       Quarterstaff      |       |   146 |   249 ||   395
 Cast: Magic Dart        |     2 |       |       ||     2
       Call Imp          |    11 |    26 |    33 ||    70
       Repel Missiles    |     1 |       |       ||     1
       Blink             |       |       |     2 ||     2
 Abil: Breathe Dispellin |       |       |     1 ||     1
  Use: Potion            |     2 |     2 |    12 ||    16
       Scroll            |     4 |     7 |     9 ||    20
 Stab: Sleeping          |     1 |       |     1 ||     2
       Petrified         |       |       |     3 ||     3
       Paralysed         |       |       |     4 ||     4
  Eat: Chunk             |     5 |     9 |    12 ||    26
